 Dungeon Crawl Stone Soup version 0.29-a0-506-ga2e7fffb44 (webtiles) character file.

Game seed: 2287113343870445048

140 happo123 the Sneak (level 5, -4/29 HPs)
             Began as a Kobold Enchanter on May 28, 2022.
             Killed from afar by an orc wizard (9 damage)
             ... with a magic dart
             ... on level 4 of the Dungeon.
             The game lasted 00:14:19 (3386 turns).

happo123 the Sneak (Kobold Enchanter)               Turns: 3386, Time: 00:14:20

Health: -4/29      AC: 10    Str:  5    XL:     5   Next: 47%
Magic:  5/9        EV: 15    Int: 19    God:
Gold:   136        SH:  0    Dex: 15    Spells: 1/9 levels left

rFire   . . .      SeeInvis .   a - +1 dagger
rCold   . . .      Faith    .   (no shield)
rNeg    . . .      Spirit   .   b - +0 robe
rPois   .          Reflect  .   n - +2 helmet
rElec   .          Harm     .   (no cloak)
rCorr   .          Rampage  .   (no gloves)
Will    +....                   e - +0 pair of boots
Stlth   ++++......              (no amulet)
HPRegen 0.09/turn               m - ring of willpower
MPRegen 0.11/turn               k - +4 ring of protection

@: no status effects
A: small, no large weapons, nightstalker 3
a: no special abilities


You were on level 4 of the Dungeon.
You visited 1 branch of the dungeon, and saw 4 of its levels.

You collected 136 gold pieces.

Inventory:

Hand Weapons
 a - a +1 dagger (weapon)
Armour
 b - a +0 robe (worn)
 e - a +0 pair of boots (worn)
 n - a +2 helmet (worn)
Magical Staves
 t - a staff of conjuration
Jewellery
 g - a ring of resist corrosion
 k - a +4 ring of protection (right hand)
 m - a ring of willpower (left hand)
 v - the ring of Xenamodu {rN+ Stlth+}
   (You found it on level 4 of the Dungeon)

   [ring of positive energy]

   rN:        It protects you from negative energy.
   Stlth:     It makes you more stealthy.
Scrolls
 d - 4 scrolls of identify {unknown}
 i - a scroll of fear {unknown}
 o - a scroll of blinking {unknown}
 p - a scroll of fog {unknown}
 q - a scroll of noise {unknown}
 r - 2 scrolls of enchant armour {unknown}
 s - a scroll of magic mapping {unknown}
 u - a scroll of teleportation {unknown}
Potions
 c - 2 potions of invisibility
 f - a potion of cancellation {unknown}
 h - a potion of attraction {unknown}
 j - a potion of flight {unknown}
 l - a potion of curing {unknown}
 w - a potion of mutation {unknown}


   Skills:
 + Level 1.2 Fighting
 + Level 2.8 Short Blades
 + Level 3.2 Dodging
 + Level 4.8 Stealth
 + Level 2.9 Spellcasting
 * Level 3.8 Hexes
 + Level 0.6 Ice Magic


You had one spell level left.
You knew the following spells:

 Your Spells              Type           Power      Damage    Failure   Level
a - Ensorcelled Hibernat  Hex/Ice        22%        N/A       10%         2
b - Confusing Touch       Hex            17%        N/A       10%         3
c - Tukima's Dance        Hex            17%        N/A       10%         3

Your spell library contained the following spells:

 Spells                   Type           Power      Damage    Failure   Level
 Dazzling Flash           Conj/Hex       20%        N/A       22%         3
 Frozen Ramparts          Ice            10%        1d3       34%         3
 Conjure Flame            Conj/Fire      2%         6-21      43%         3
 Ignite Poison            Fire/Tmut/Pois 2%         N/A       43%         3
 Ice Form                 Ice/Tmut       3%         N/A       80%         4
 Summon Ice Beast         Ice/Summ       3%         N/A       80%         4
 Sticky Flame             Conj/Fire      2%         2d3       83%         4


Dungeon Overview and Level Annotations

Branches:
Dungeon (4/15)
 Temple: D:4-7

Altars:
Nemelex Xobeh

Shops:
D:4 =([!


Innate Abilities, Weirdness & Mutations

You are small and have problems with some larger weapons.
You are completely attuned to the shadows.


Message History

You hit the adder.
The adder is heavily wounded.
The adder barely misses you.
You miss the adder.
The adder is heavily wounded.
The adder barely misses you.
You closely miss the adder.
The adder is heavily wounded.
The adder misses you.
The orc priest miscasts a cantrip.
You miss the adder.
The adder is heavily wounded.
The adder bites you but does no damage.
You miss the adder.
The adder is heavily wounded.
The adder closely misses you.
You hit the adder.
The adder is heavily wounded.
The adder bites you but does no damage.
Aiming: Ensorcelled Hibernation (safe; 10% risk of failure)
Press: ? - help, Q - select action Shift-Dir - straight line, f - adder
Aim: an adder (heavily wounded, chance to affect: 53%)
The adder resists with significant effort.
The adder barely misses you. x2
You closely miss the adder.
The adder is heavily wounded.
The adder closely misses you.
You hit the adder.
The adder is severely wounded.
The adder misses you.
You hit the adder.
You kill the adder!
The orc priest mumbles some strange prayers to Beogh against you.
Beogh smites you!
* * * LOW HITPOINT WARNING * * *
You barely miss something.
You hear some strange, mumbled words.
A magic dart appears from out of thin air!
The magic dart hits you!
You die...

# #..##.......#
####.## ##
##..........####....#
.###
#####...###.....####
...##
###....>....#####
##..###...##..#####
###..#..####.....# #
##...#####..##.# #
##...)........#
#####.#####(.###@#
#.....# .....#{#
#.##### #.###.#oo#
..# #. .o.... ..###
##. .......
#...####≈≈≈ ##......
###.#..≈≈≈≈≈
###....≈≈∩..
#...##.≈≈≈≈≈


You could see an orc priest and 2 orcs.

Vanquished Creatures
  An iguana (D:4)
  4 adders
  A worm (D:3)
  4 orcs (D:4)
  3 ball pythons (D:2)
  2 bats (D:3)
  3 endoplasms
  3 giant cockroaches
  6 goblins
  4 hobgoblins
  9 jackals
  11 kobolds
  6 quokkas
  2 frilled lizards (D:1)
  3 rats
62 creatures vanquished.

Vanquished Creatures (collateral kills)
  An orc (D:3)
  A hobgoblin (D:3)
2 creatures vanquished.

Grand Total: 64 creatures vanquished

Notes
Turn   | Place    | Note
-------+----------+-------------------------------------------
     0 | D:1      | happo123 the Kobold Enchanter began the quest for the Orb.
     0 | D:1      | Reached XP level 1. HP: 10/10 MP: 3/3
    41 | D:1      | Found a faded altar of an unknown god.
   250 | D:1      | Reached XP level 2. HP: 15/15 MP: 5/5
   253 | D:1      | Learned a level 2 spell: Ensorcelled Hibernation
   621 | D:1      | Reached XP level 3. HP: 10/19 MP: 1/6
   626 | D:1      | Learned a level 3 spell: Confusing Touch
   977 | D:1      | You fall into a shaft and drop 1 floor!
  2269 | D:3      | Reached XP level 4. HP: 24/24 MP: 7/7
  2274 | D:3      | Learned a level 3 spell: Tukima's Dance
  2699 | D:3      | Found a sparkling altar of Nemelex Xobeh.
  2836 | D:4      | Identified the ring of Xenamodu {rN+ Stlth+}
  2858 | D:4      | Reached XP level 5. HP: 14/28 MP: 3/9
  2883 | D:4      | Found Byilyb's Antique Weapon Shoppe.
  3035 | D:4      | Reached skill level 1 in Fighting
  3055 | D:4      | Found Riubi's Antique Armour Emporium.
  3151 | D:4      | Found Ygastri's Distillery.
  3200 | D:4      | Found Faah's Jewellery Shop.
  3386 | D:4      | Killed from afar by an orc wizard

Illustrated notes

Levels and vault maps discovered:
D:1:      wander_arrival_lonely_grave, layout_loops_ring,
          ebering_ecumenical_altar_petrified
D:2:      layout_basic, hangedman_decor_growths
D:3:      layout_rooms, nemelex_diamond_rough_becter, minivault_11
D:4:      layout_rooms, serial_shops, kennysheep_mini_moat, nicolae_shop_stone,
          nicolae_shop_behind_doors, nicolae_shop_waterfront, kennysheep_mini

Skill      XL: |  1  2  3  4  5 |
---------------+----------------+-----
Short Blades   | 2 |  2.8
Dodging        | 3 |  3.2
Fighting       | 1 |  1.2
Stealth        | |  4.8
Spellcasting   | |  2.9
Hexes          | |  3.8
Ice Magic      | |  0.6

Action                   |  1- 3 |  4- 6 || total
-------------------------+-------+-------++-------
Melee: Dagger            |    82 |    78 ||   160
       Punch             |       |     1 ||     1
 Cast: Ensorcelled Hiber |     9 |    21 ||    30
       Tukima's Dance    |       |     1 ||     1
       Confusing Touch   |       |     1 ||     1
 Stab: Sleeping          |    20 |    24 ||    44
       Confused          |       |     1 ||     1
Armor: Robe              |     8 |    30 ||    38
Dodge: Dodged            |    50 |    74 ||   124

Table legend: (Time is in decaauts)
 A = Elapsed time spent in this place.
 B = Non-inter-level travel time spent in this place.
 C = Inter-level travel time spent in this place.
 D = Time resting spent in this place.
 E = Time spent auto-exploring this place.
 F = Levels seen in this place.
 G = Mean time per level.
                   A        B        C        D        E       F      G
               +--------+--------+--------+--------+--------+-----+--------+
         Total |   3365 |   3170 |    195 |    373 |   2228 |   4 |  841.2 |
       Dungeon |   3365 |   3170 |    195 |    373 |   2228 |   4 |  841.2 |
               +--------+--------+--------+--------+--------+-----+--------+

Top non-repeatable levels by time:
     D:1: 1375 daAuts
     D:2: 789 daAuts
     D:3: 720 daAuts
     D:4: 480 daAuts
